 Dungeon Crawl Stone Soup version 0.24.1-14-gf8d2b509d9 (webtiles) character file.

Game seed: 313155238761514925, levelgen mode: deterministic

27 tizbic2 the Shooter (level 2, -1/24 HPs)
             Began as a Centaur Hunter on Aug 7, 2022.
             Slain by Natasha (2 damage)
             ... on level 2 of the Dungeon.
             The game lasted 00:04:51 (1404 turns).

tizbic2 the Shooter (Centaur Hunter)                Turns: 1404, Time: 00:04:52

Health: -1/24      AC:  5    Str: 14    XL:     2   Next: 93%
Magic:  2/2        EV:  8    Int: 10    God:
Gold:   52         SH:  0    Dex:  9    Spells: 0/1 levels left

rFire    . . .     SeeInvis .   a - +1 shortbow
rCold    + . .     Gourm    .   (shield currently unavailable)
rNeg     . . .     Faith    .   h - +0 ring mail
rPois    .         Spirit   .   (no helmet)
rElec    .         Reflect  .   (no cloak)
rCorr    .         Harm     .   (no gloves)
MR       .....                  (no barding)
Stlth    ..........             e - amulet of rage
HPRegen  0.08/turn              i - ring of protection from cold
MPRegen  0.08/turn              (no ring)

@: slowed
A: large, hooves 3, deformed body, speed 2, tough skin 3
a: Evoke Berserk Rage


You were on level 2 of the Dungeon.
You were not hungry.

You visited 1 branch of the dungeon, and saw 2 of its levels.

You collected 52 gold pieces.

Inventory:

Hand Weapons
 a - a +1 shortbow (weapon)
 b - a +0 short sword
 k - a +0 dagger
Missiles
 d - 35 arrows (quivered)
 g - 39 stones
Armour
 h - a +0 ring mail (worn)
Jewellery
 e - an amulet of rage (around neck)
 i - a ring of protection from cold (left hand)
Scrolls
 j - a scroll of noise {unknown}
 l - a scroll of amnesia {unknown}
Potions
 f - a potion of lignification {unknown}
 m - a potion of heal wounds {unknown}
Comestibles
 c - a ration


   Skills:
 + Level 2.3 Fighting
 + Level 6.0 Bows
 - Level 1.4 Dodging
 - Level 0.4 Stealth
 * Level 0.8 Summonings


You couldn't memorise any spells.
You knew the following spells:

 Your Spells              Type           Power        Failure   Level  Hunger
a - Summon Small Mammal   Summ           #...         50%         1    ##.....

Your spell library contained the following spells:

 Spells                   Type           Power        Failure   Level  Hunger
 Animate Skeleton         Necr           N/A          61%         1    ##.....
 Apportation              Tloc           #.....       61%         1    ##.....
 Confusing Touch          Hex            #.....       61%         1    ##.....


Dungeon Overview and Level Annotations

Branches:
Dungeon (2/15)

Altars:

Annotations:
D:2 Natasha


Innate Abilities, Weirdness & Mutations

You have hooves in place of feet.
Armour fits poorly on your strangely shaped body.
You cover ground very quickly.
You have extremely tough skin. (AC +3)


Message History

The magic dart hits you. The crimson imp hits you.
You hit Natasha but do no damage.
Natasha is lightly wounded.
Natasha casts a spell at you.
The magic dart hits you but does no damage.
The crimson imp hits you.
You hit Natasha. Your kick misses Natasha.
Natasha is moderately wounded.
Natasha casts a spell at you. The magic dart hits you.
The crimson imp completely misses you. Natasha barely misses you.
The crimson imp blinks!
You hit Natasha.
Natasha is moderately wounded.
Natasha casts a spell at you. The magic dart hits you. The iron imp hits you!
* * * LOW HITPOINT WARNING * * *
a - a +1 shortbow (weapon)
Natasha casts a spell.
Natasha claws you.
You die...

#......# #......#
#......# #......#
#......##
#......#
#.......#
.......#
#.......###
.......#
####..........
.......#
...........######
..>....#
##...55†.......
.......#
..#..@h†...#
.......#
#.#.#.###5.....
.......# #.#.#...
..##. .......#
#.#.####.. .[#
#......# #.#.#
..#.#
#......#####.#.#
.# #
#......#.....#.#
#
#......#.#.....#
#......#
#.#######


You could see an iron imp, Natasha, a crimson imp and a white imp.

Vanquished Creatures
  A leopard gecko (D:1)
  4 bats
  A giant cockroach (D:2)
  5 goblins
  3 hobgoblins (D:2)
  A quokka (D:2)
  4 frilled lizards
  3 kobolds
  A rat (D:1)
23 creatures vanquished.

Notes
Turn   | Place    | Note
-------+----------+-------------------------------------------
     0 | D:1      | tizbic2 the Centaur Hunter began the quest for the Orb.
     0 | D:1      | Reached XP level 1. HP: 17/17 MP: 1/1
   181 | D:1      | Reached XP level 2. HP: 24/24 MP: 2/2
   507 | D:2      | Learned a level 1 spell: Summon Small Mammal
   680 | D:2      | Reached skill level 6 in Bows
  1386 | D:2      | Noticed Natasha
  1393 | D:2      | Noticed a crimson imp
  1401 | D:2      | HP: 1/24 [iron imp[Natasha] (7)]
  1404 | D:2      | Slain by Natasha

Levels and vault maps discovered:
D:1:      enne_arrival_octagon_isle, layout_rooms
D:2:      layout_basic, uniq_natasha

Skill      XL: |  1  2 |
---------------+-------+-----
Bows           | 6 |  6.0
Fighting       | |  2.3
Dodging        | |  1.4
Stealth        | |  0.4
Summonings     | |  0.8

Action                   || total
-------------------------++-------
Melee: Short sword       ||     9
       Kick              ||    10
       Dagger            ||    32
 Fire: Shortbow          ||    29
Throw: Stone             ||     5
  Use: Scroll            ||     2
  Eat: Ration            ||     1
Armor: Ring mail         ||    19
       Leather armour    ||     2
Dodge: Dodged            ||    25
